 Dungeon Crawl Stone Soup version 0.31-a0-222-gefeffbb62a (webtiles) character file.

Game seed: 12743930041593427090

109 innerfire43 the Trooper (level 4, 0/37 HPs)
             Began as a Demonspawn Monk on July 5, 2023.
             Slain by a goblin
             ... wielding a +0 dagger
             ... led by Robin
              (3 damage)
             ... on level 3 of the Dungeon.
             The game lasted 00:02:10 (2170 turns).

innerfire43 the Trooper (Demonspawn Monk)           Turns: 2170, Time: 00:02:10

Health: 0/37       AC:  2    Str: 13    XL:     4   Next: 59%
Magic:  4/4        EV: 13    Int: 12    God:
Gold:   126        SH:  0    Dex: 15    Spells: 3/3 levels left

rFire   . . .        k - +2 dagger (venom)
rCold   . . .        d - orb {light}
rNeg    . . .        b - +0 robe
rPois   .            (no helmet)
rElec   .            (no cloak)
rCorr   .            (no gloves)
SInv    .            (no boots)
Will    +....        (no amulet)
Stlth   +            c - ring of willpower
HPRegen 0.26/turn    (no ring)
MPRegen 0.09/turn

%: no passive effects
@: glowing
A: foul stench 1, powered by pain 2
a: no special abilities


You were on level 3 of the Dungeon.
You visited 1 branch of the dungeon, and saw 3 of its levels.

You collected 126 gold pieces.

Inventory:

Hand Weapons
 a - a +0 hand axe
 k - a +2 dagger of venom (weapon)
Armour
 b - a +0 robe (worn)
 d - an orb of light (worn)
Jewellery
 c - a ring of willpower (left hand)
Scrolls
 e - a scroll of immolation {unknown}
 f - a scroll of identify
 g - 4 scrolls of blinking
 j - a scroll of poison {unknown}
 m - a scroll of fog {unknown}
Potions
 h - 2 potions of cancellation {unknown}
 i - a potion of heal wounds {unknown}
 l - 3 potions of curing {unknown}
 n - a potion of resistance {unknown}


   Skills:
 + Level 3.8 Fighting
 * Level 1.5 Short Blades
 - Level 3.2 Axes
 + Level 3.4 Dodging


You had 3 spell levels left.
You didn't know any spells.
Your spell library contained the following spells:

 Spells                   Type           Power      Damage    Failure   Level
 Magic Dart               Conj           0%         1d3       32%         1
 Call Imp                 Summ           0%         N/A       45%         2
 Mephitic Cloud           Conj/Pois/Air  0%         N/A       69%         3
 Fireball                 Conj/Fire      0%         3d3       100%        5
 Iskenderun's Battlesphe  Conj           0%         2d6       100%        5
 Conjure Ball Lightning   Conj/Air       0%         3x3d6     100%        6
 Orb of Destruction       Conj           0%         9d5       100%        7


Dungeon Overview and Level Annotations

Branches:
Dungeon (3/15)

Altars:
Ashenzari
Vehumet

Annotations:
D:3 Robin


Innate Abilities, Weirdness & Mutations

You may rarely emit foul miasma when damaged in melee.
You sometimes gain power by taking damage.


Message History

Robin roars a battlecry!
The goblins go into a battle-frenzy!
You hit the goblin.
The goblin is severely wounded.
The goblin no longer looks unusually strong.
The goblin hits you with a +0 dagger.
* * * LOW HITPOINT WARNING * * *
The goblin closely misses you.
You barely miss the goblin.
The goblin is severely wounded.
The goblin barely misses you. x2
Unknown command.
You hit the goblin.
You kill the goblin!
The goblin completely misses you.
Unknown command.
You barely miss the goblin.
The goblin is severely wounded.
You kill the goblin!
You barely miss the hobgoblin.
The goblin no longer looks unusually strong.
The hobgoblin barely misses you.
Unknown command.
You hit the hobgoblin.
The hobgoblin is poisoned.
The hobgoblin is heavily wounded.
You kill the hobgoblin!
Robin roars a battlecry!
The goblins go into a battle-frenzy!
Unknown command.
You hit the goblin.
You kill the goblin!
Robin throws the goblin at you!
* * * LOW HITPOINT WARNING * * *
The goblin misses you.
Unknown command.
Items here: ))) †††.
You hit the goblin.
The goblin is poisoned.
The goblin is moderately wounded.
The goblin hits you with a +0 dagger.
You die...

#>.................#...#..
#.#.#..............#...#..
#.#.#.....#######..##'##..
####+#.#.....................
.......#..8..#######..#######
.......#.....#######.......#
.........................#.#
......##############.###.#
......)..).g@g)......†.#.#
......)....#####.###.#.# #
...$...)........)....#.#
............[......#...#
.......#...#.#.#...#.###
####.#...............#
#.##..#...#...#..## #
#....#...#....#
#..#..._...#..#


You could see Robin and a goblin (strong, very poisoned).

Vanquished Creatures
  A scorpion zombie (D:3)
  4 dart slugs
  6 endoplasms
  A giant cockroach (D:3)
  15 goblins
  11 hobgoblins
  3 jackals (D:1)
  10 kobolds
  A quokka (D:1)
  5 ball pythons
  5 bats
  3 rats
65 creatures vanquished.

Notes
Turn   | Place    | Note
-------+----------+-------------------------------------------
     0 | D:1      | innerfire43 the Demonspawn Monk began the quest for the
                  | Orb.
     0 | D:1      | Reached XP level 1. HP: 18/18 MP: 1/1
   147 | D:1      | Gained mutation: You may rarely emit foul miasma when
                  | damaged in melee. [demonic ancestry]
   147 | D:1      | Reached XP level 2. HP: 2/24 MP: 2/2
   525 | D:1      | Gained mutation: You sometimes gain a little power by
                  | taking damage. [demonic ancestry]
   525 | D:1      | Reached XP level 3. HP: 27/29 MP: 3/3
  1896 | D:3      | HP: 1/29 [scorpion zombie (5)]
  1915 | D:3      | Reached skill level 1 in Short Blades
  1915 | D:3      | Gained mutation: You sometimes gain power by taking damage.
                  | [demonic ancestry]
  1915 | D:3      | Reached XP level 4. HP: 9/37 MP: 4/4
  2050 | D:3      | Found a broken altar of Ashenzari.
  2127 | D:3      | Found a radiant altar of Vehumet.
  2142 | D:3      | Noticed Robin
  2170 | D:3      | Slain by a goblin

Illustrated notes

Levels and vault maps discovered:
D:1:      matt_arrival_diagonals, layout_loops_ring
D:2:      layout_basic
D:3:      layout_basic, evilmike_ruin_ashenzari, nicolae_vehumet_radiance,
          mainiacjoe_overflow_six_doors_small, ebering_ghost_sewer_d,
          serial_undead, serial_undead_d, serial_undead_c, serial_undead_d,
          serial_undead_f, kennysheep_generic_room_11, uniq_terence, uniq_robin,
          uniq_grinder

Skill      XL: |  1  2  3 |
---------------+----------+-----
Axes           | 3 |  3.2
Dodging        | 3 |  3.4
Short Blades   | 1 |  1.5
Fighting       | |  3.8

Action                     |  1- 3 |  4- 6 || total
---------------------------+-------+-------++-------
  Melee: Hand axe          |   104 |       ||   104
         Dagger            |    37 |    37 ||    74
    Use: Scroll            |     4 |       ||     4
         Potion            |     2 |       ||     2
 Armour: Robe              |    31 |     6 ||    37
  Dodge: Dodged            |    97 |    43 ||   140

Table legend: (Time is in decaauts)
 A = Elapsed time spent in this place.
 B = Non-inter-level travel time spent in this place.
 C = Inter-level travel time spent in this place.
 D = Time resting spent in this place.
 E = Time spent auto-exploring this place.
 F = Levels seen in this place.
 G = Mean time per level.
                   A        B        C        D        E       F      G
               +--------+--------+--------+--------+--------+-----+--------+
         Total |   2181 |   2134 |     47 |      0 |   1755 |   3 |  727.0 |
       Dungeon |   2181 |   2134 |     47 |      0 |   1755 |   3 |  727.0 |
               +--------+--------+--------+--------+--------+-----+--------+

Top non-repeatable levels by time:
     D:1: 1042 daAuts
     D:2: 822 daAuts
     D:3: 315 daAuts
